 Dungeon Crawl Stone Soup version 0.24-a0-434-gd57e52fea8 (webtiles) character file.

Game seed: 4295514620497716503

12117 Azzok the Cleaver (level 12, -6/81 HPs)
             Began as a Formicid Fighter on June 16, 2019.
             Was a High Priest of Okawaru.
             Splashed by a brown ugly thing's acid (7 damage)
             ... on level 10 of the Dungeon.
             The game lasted 00:19:18 (14361 turns).

Azzok the Cleaver (Formicid Fighter)               Turns: 14361, Time: 00:19:19

Health: -6/81      AC:  1    Str: 28    XL:     12   Next: 16%
Magic:  0/18       EV:  4    Int: 10    God:    Okawaru [*****.]
Gold:   621        SH:  8    Dex: 10    Spells: 11/11 levels left

rFire    . . .     SeeInvis +   a - +1 hand axe (drain)
rCold    . . .     Gourm    .   c - +0 shield
rNeg     . . .     Faith    .   g - +0 plate armour
rPois    +         Spirit   +   (helmet unavailable)
rElec    .         Reflect  .   B - scarf {Spirit}
rCorr    .         Harm     .   (no gloves)
MR       +....                  v - +2 pair of boots of Eklufur {*Contam +Fly rPois Str+4}
Stlth    ..........             (no amulet)
HPRegen  0.23/turn              p - ring of poison resistance
MPRegen  0.16/turn              j - ring of stealth

@: corroded, very slightly contaminated, extremely drained, invisible
A: permanent stasis, dig shafts and tunnels, four strong arms, antennae 3
a: Dig, Shaft Self, Heroism, Finesse, Renounce Religion, Evoke Flight


You were on level 10 of the Dungeon.
You worshipped Okawaru.
Okawaru was extremely pleased with you.
You were not hungry.

You visited 2 branches of the dungeon, and saw 12 of its levels.

You collected 621 gold pieces.

Inventory:

Hand Weapons
 a - a +1 hand axe of draining (weapon)
 b - a +2 war axe of chopping
 s - a +3 vampiric hand axe
Missiles
 x - 5 throwing nets (quivered)
Armour
 c - a +0 shield (worn)
 g - a +0 plate armour (worn)
 k - a scarf of repulsion
 v - the +2 pair of boots of Eklufur (worn) {*Contam +Fly rPois Str+4}
   (You found it on level 10 of the Dungeon)

   It affects your strength (+4).
   It protects you from poison.
   It lets you fly.
   It causes magical contamination when unequipped.
 B - a scarf of spirit shield (worn)
Jewellery
 j - a ring of stealth (right hand)
 p - a ring of poison resistance (left hand)
Wands
 m - a wand of iceblast (9)
 y - a wand of enslavement (16)
 z - a wand of flame (22)
 G - a wand of disintegration (30)
Scrolls
 i - 2 scrolls of fog {unknown}
 n - 3 scrolls of magic mapping {unknown}
 o - 2 scrolls of teleportation {unknown}
 q - 2 scrolls of enchant weapon {unknown}
 r - 4 scrolls of fear {unknown}
 t - a scroll of random uselessness {unknown}
 C - 3 scrolls of blinking {unknown}
 F - a scroll of identify
 H - 2 scrolls of remove curse
Potions
 e - a potion of mutation {!q}
 h - 3 potions of lignification
 l - 4 potions of curing
 u - a potion of experience {unknown}
 D - 2 potions of agility
Miscellaneous
 E - a box of beasts
Comestibles
 f - 21 rations


   Skills:
 - Level 3.2(0.0) Fighting
 + Level 13.5(0.0) Axes
 - Level 3.2(0.0) Armour
 - Level 9.0(0.0) Shields
 - Level 9.0(0.0) Invocations
 - Level 8.0(0.0) Evocations


You had 11 spell levels left.
You didn't know any spells.
Your spell library contained the following spells:

 Spells                   Type           Power        Failure   Level  Hunger
 Animate Skeleton         Necr           N/A          100%        1    ##.....
 Apportation              Tloc           #.....       100%        1    ##.....
 Confusing Touch          Hex            #.....       100%        1    ##.....
 Magic Dart               Conj           #...         100%        1    ##.....
 Sandblast                Erth           #.....       100%        1    ##.....
 Summon Small Mammal      Summ           #...         100%        1    ##.....
 Call Imp                 Summ           #.......     100%        2    ###....
 Passwall                 Tmut/Erth      #.......     100%        2    ###....
 Slow                     Hex            #.......     100%        2    ###....
 Conjure Flame            Conj/Fire      #.......     100%        3    ####...
 Mephitic Cloud           Conj/Pois/Air  #.......     100%        3    ####...
 Stone Arrow              Conj/Erth      #.....       100%        3    ####...
 Petrify                  Tmut/Erth      #.......     100%        4    #####..
 Lee's Rapid Deconstruct  Erth           #.........   100%        5    ######.
 Blink                    Tloc           Unusable     N/A         2    N/A

Dungeon Overview and Level Annotations

Branches:
Dungeon (11/15)            Temple (1/1) D:4            Lair (0/6) D:9
    Orc: D:9-12

Altars:
Ashenzari
Elyvilon
Gozag
Hepliaklqana
Kikubaaqudgha
Makhleb
Nemelex Xobeh
Okawaru
Qazlal
Ru
Sif Muna
Uskayaw
Wu Jian
Xom
Yredelemnul
Zin
The Shining One

Shops:
D:2 *


Innate Abilities, Weirdness & Mutations

You cannot be hasted, slowed, berserked, paralysed or teleported.
You can dig through walls and to a lower floor.
Your four strong arms can wield two-handed weapons with a shield.
You have a pair of large antennae on your head. (SInv)


Message History

* * * LOW HITPOINT WARNING * * *
You are splashed with acid!
* * * LOW MAGIC WARNING * * *;
* * * LOW HITPOINT WARNING * * *
You climb upwards.
There is a stone staircase leading down here.
Okay, then.
You fade into invisibility!
You are very lightly contaminated with residual magic.
The brown ugly thing gurgles horribly!
The brown ugly thing gurgles horribly!
The brown ugly thing gurgles horribly!
The brown ugly thing gurgles horribly!
The brown ugly thing gurgles horribly!
There is a stone staircase leading up here.
The brown ugly thing gurgles horribly!
The brown ugly thing gurgles horribly!
The brown ugly thing kicks you!
* * * LOW MAGIC WARNING * * *;
* * * LOW HITPOINT WARNING * * *
You are splashed with acid!
You die...

··········▒·▒
··········▒·▒
·····)····▒·▒
·····))·[·▒·▒
····▒▒▒▒▒▒▒·▒
▒▒▒▒▒·······▒
·········>··▒
············▒▒▒▒▒▒▒▒
················@··▒
···▒▒▒▒▒▒▒▒▒····u··▒
···▒ ▒···▒▒▒▒▒ ···▒
▒···▒ ···▒ ▒···▒
···▒ ▒···▒
···▒▒▒▒▒▒▒▒▒···▒
···············▒
···············▒


You could see a brown ugly thing.

Vanquished Creatures
  Harold (D:7)
  A two-headed ogre (D:10)
  Sonja (D:11)
  Nergalle (D:10)
  An unseen horror (D:9)
  Psyche (D:8)
  A cyclops (D:11)
  Joseph (D:10)
  A gargoyle (D:11)
  A troll (D:9)
  A hornet (D:11)
  2 hippogriffs
  A spriggan (D:10)
  7 yaks
  A wyvern (D:10)
  A wraith (D:11)
  A hungry ghost (D:8)
  3 steam dragons (D:10)
  3 porcupines (D:9)
  3 ice beasts
  A sky beast (D:5)
  3 orc warriors
  A hornet zombie (D:10)
  2 black bears
  A necrophage (D:8)
  A phantom (D:11)
  2 ogres
  3 centaurs
  A crocodile (D:9)
  9 bullfrogs
  A big kobold (D:8)
  A gnoll sergeant (D:8)
  A wyvern skeleton (D:11)
  A water moccasin skeleton (D:8)
  13 wights
  4 howler monkeys
  2 centaur zombies
  7 crimson imps
  A bullfrog zombie (D:10)
  2 quasits
  8 hounds
  3 jellies
  A gnoll shaman (D:4)
  9 orc priests
  A bullfrog skeleton (D:10)
  6 orc wizards
  A centaur skeleton (D:10)
  4 worker ants
  3 worker ant zombies
  A howler monkey zombie (D:7)
  8 gnolls
  12 adders
  2 shadow imps
  An ooze (D:1)
  4 worms
  2 dart slugs
  5 leopard geckos
  32 orcs
  2 ball pythons
  13 bats
  6 giant cockroaches
  5 goblins
  12 hobgoblins
  10 jackals
  12 kobolds
  2 quokkas
  A ball python skeleton (D:4)
  2 frilled lizards
  14 rats
  5 fungi (D:9)
277 creatures vanquished.

Vanquished Creatures (collateral kills)
  3 killer bees (D:8)
3 creatures vanquished.

Vanquished Creatures (others)
  A killer bee (D:8)
  15 fungi (D:9)
  A plant (D:9)
17 creatures vanquished.

Grand Total: 297 creatures vanquished

Notes
Turn   | Place    | Note
-------+----------+-------------------------------------------
     0 | D:1      | Azzok the Formicid Fighter began the quest for the Orb.
     0 | D:1      | Reached XP level 1. HP: 18/18 MP: 1/1
   125 | D:1      | Reached XP level 2. HP: 19/24 MP: 2/2
   376 | D:1      | Reached XP level 3. HP: 24/29 MP: 3/3
  1124 | D:2      | Reached skill level 3 in Axes
  1175 | D:2      | Reached XP level 4. HP: 29/35 MP: 4/4
  1364 | D:2      | Found a sparkling altar of Nemelex Xobeh.
  1456 | D:2      | Reached skill level 5 in Shields
  1479 | D:2      | Reached XP level 5. HP: 35/41 MP: 5/5
  1614 | D:2      | Reached skill level 4 in Axes
  1656 | D:2      | Found a glowing silver altar of Zin.
  1658 | D:2      | Found Zin's Purification Station.
  2122 | D:3      | You fall into a shaft and drop 1 floor!
  2286 | D:4      | Reached XP level 6. HP: 41/47 MP: 6/6
  2665 | D:3      | Found an ancient bone altar of Kikubaaqudgha.
  3223 | D:3      | Reached skill level 5 in Axes
  3593 | D:4      | Found a staircase to the Ecumenical Temple.
  3614 | Temple   | Entered the Ecumenical Temple
  3775 | Temple   | Became a worshipper of Warmaster Okawaru
  3960 | D:4      | Reached XP level 7. HP: 52/52 MP: 7/7
  3970 | D:4      | Reached skill level 1 in Invocations
  4443 | D:4      | Found a deep blue altar of Sif Muna.
  4538 | D:5      | Entered Level 5 of the Dungeon
  5162 | D:5      | Found a sacrificial altar of Ru.
  5465 | D:5      | Reached XP level 8. HP: 51/58 MP: 7/10
  5782 | D:6      | Reached skill level 6 in Axes
  5901 | D:5      | Reached * piety under Okawaru
  6680 | D:6      | Reached skill level 5 in Invocations
  6773 | D:6      | Reached XP level 9. HP: 16/64 MP: 2/12
  7087 | D:6      | Reached skill level 7 in Axes
  7269 | D:6      | Found a stormy altar of Qazlal.
  7856 | D:7      | Noticed a hippogriff
  7870 | D:7      | Noticed Harold
  7883 | D:7      | Killed Harold
  7883 | D:7      | Reached ** piety under Okawaru
  7883 | D:7      | Reached skill level 8 in Axes
  7889 | D:7      | Killed a hippogriff
  7889 | D:7      | Reached *** piety under Okawaru
  8565 | D:8      | Reached skill level 1 in Evocations
  8565 | D:8      | Reached XP level 10. HP: 68/70 MP: 14/16
  8583 | D:8      | Noticed Psyche
  8623 | D:8      | Killed Psyche
  8645 | D:8      | Reached skill level 9 in Axes
  8787 | D:8      | Found an opulent altar of Gozag.
  9112 | D:8      | Reached **** piety under Okawaru
 10118 | D:9      | Reached skill level 5 in Evocations
 10221 | D:9      | Reached skill level 10 in Axes
 10450 | D:9      | Reached ***** piety under Okawaru
 10452 | D:9      | Found a staircase to the Lair.
 10875 | D:9      | Noticed an unseen horror
 10888 | D:9      | Killed an unseen horror
 10888 | D:9      | Reached XP level 11. HP: 66/75 MP: 13/17
 10973 | D:10     | Entered Level 10 of the Dungeon
 11011 | D:10     | Noticed a two-headed ogre
 11031 | D:10     | Killed a two-headed ogre
 11031 | D:10     | Received a gift from Okawaru
 11243 | D:10     | Noticed Nergalle
 11274 | D:10     | Killed Nergalle
 11274 | D:10     | Reached skill level 11 in Axes
 12294 | D:10     | Reached skill level 12 in Axes
 12666 | D:10     | Noticed Joseph
 12689 | D:10     | Killed Joseph
 12978 | D:10     | Got a pair of slimy boots
 12979 | D:10     | Identified the +2 pair of boots of Eklufur {*Contam +Fly
                  | rPois Str+4} (You found it on level 10 of the Dungeon)
 13286 | D:11     | Noticed a cyclops
 13298 | D:11     | Killed a cyclops
 13404 | D:11     | Reached skill level 13 in Axes
 13404 | D:11     | Reached XP level 12. HP: 49/81 MP: 11/18
 13599 | D:11     | Noticed Sonja
 13618 | D:11     | Received a gift from Okawaru
 13670 | D:11     | Killed Sonja
 14321 | D:11     | Noticed a death knight
 14321 | D:11     | Noticed a skeletal warrior
 14361 | D:10     | HP: 1/81 [brown ugly thing (11)]
 14361 | D:10     | Splashed by a brown ugly thing's acid

Levels and vault maps discovered:
D:1:      elethiomel_arrival_quiet, layout_loops_corners, minivault_14,
          st_stairs_5, minivault_14
D:2:      layout_basic, zin_purify, nemelex_xobeh_ov_fountains_minmay,
          grunt_ministairs_6, kennysheep_crisscross
D:3:      layout_basic, nicolae_overflow_crystal_walls
D:4:      layout_loops_ring, lemuel_blue_sif_altar,
          minmay_temple_entry_nine_rooms, first_ration
D:5:      wander_river, layout_loops_ring, kennysheep_mini_moat,
          corexii_leaking_fountain
D:6:      layout_layer_cave, lemuel_round_altar
D:7:      layout_loops_corners, uniq_harold
D:8:      layout_basic, nicolae_gozag_cash_rules_everything_around_me,
          uniq_psyche
D:9:      layout_long_grid, due_lair_maze_entry_diamond
D:10:     cheibrodos_steamvent, layout_irregular_city, grunt_pizzeria,
          minmay_diced_spiral, uniq_nergalle, uniq_joseph
D:11:     layout_irregular_city, serial_shops, kennysheep_little_box,
          grunt_dithmenos_smoke, uniq_sonja
Temple:   regret_index_temple_generic_petals

Skill      XL: |  1  2  3  4  5  6  7  8  9 10 11 |
---------------+----------------------------------+-----
Shields        | 4 5 6 7 8 9 |  9.0
Axes           | 3 4 5 6 8 10 13 | 13.5
Invocations    | 3 5 8 9 |  9.0
Evocations     | 1 6 8 |  8.0
Fighting       | |  3.2
Armour         | |  3.2

Action                   |  1- 3 |  4- 6 |  7- 9 | 10-12 || total
-------------------------+-------+-------+-------+-------++-------
Melee: War axe           |    82 |   152 |   240 |   297 ||   771
       Hand axe          |       |       |       |   385 ||   385
Invok: Heroism           |       |       |     1 |     3 ||     4
       Finesse           |       |       |       |     1 ||     1
Evoke: Wand              |       |       |       |     3 ||     3
  Use: Scroll            |     1 |       |       |    12 ||    13
       Potion            |       |       |     1 |     3 ||     4
  Eat: Chunk             |     1 |     8 |    12 |    16 ||    37
       Ration            |       |       |     1 |     2 ||     3
Armor: Scale mail        |    29 |    52 |    73 |   103 ||   257
       Plate armour      |       |       |       |   212 ||   212
Dodge: Dodged            |    29 |    46 |    91 |   156 ||   322
Block: Shield            |    40 |    75 |   130 |   357 ||   602

Table legend:
 A = Non-vault XP
 B = Vault XP
 C = Vault XP percentage of total XP
 D = Non-vault monster count
 E = Vault monster count
 F = Vault count percentage of total count
                 A         B        C        D         E       F
            +---------+---------+-------+---------+---------+-------
      Total |   11232 |    6079 |  35.1 |     251 |      25 |   9.1
            +---------+---------+-------+---------+---------+-------
        D:1 |      49 |       4 |   7.5 |      26 |       2 |   7.1
        D:2 |     173 |      14 |   7.5 |      25 |       2 |   7.4
        D:3 |     155 |       0 |   0.0 |      26 |       0 |   0.0
        D:4 |     238 |       0 |   0.0 |      17 |       0 |   0.0
        D:5 |     818 |       0 |   0.0 |      18 |       0 |   0.0
        D:6 |     698 |       0 |   0.0 |      22 |       0 |   0.0
        D:7 |     724 |     981 |  57.5 |      18 |       1 |   5.3
        D:8 |    1498 |     157 |   9.5 |      35 |       1 |   2.8
        D:9 |    1692 |    1244 |  42.4 |      13 |      10 |  43.5
       D:10 |    2456 |    2865 |  53.8 |      30 |       8 |  21.1
       D:11 |    2731 |     814 |  23.0 |      21 |       1 |   4.5
            +---------+---------+-------+---------+---------+-------
